Get step-by-step instructions on how to execute this build order below. Start the game timer, and the build order will tick by so you can play in parallel with StarCraft on a second screen or mobile device.

Game Time

  0:00

Last Step

  N/A

Next Step

Upcoming Step



Don't want to look back and forth between 2 screens? Try out our Overwolf App, the Spawning Tool Build Advisor to get an in-game overlay with this build!

Complete Build Order

    8:24  SCV x12  
    8:36  Unknown  
    8:39  SCV  
  13  8:51  Supply Depot  
  13  9:45  Command Center  
  13  11:28  SCV  
  13  11:30  Barracks, SCV  
  15  11:40  SCV  
  15  11:42  Refinery  
  15  12:02  Command Center  
  14  12:18  Marine  
  15  12:29  SCV  
  15  12:35  Marine  
  10  12:53  Marine  
  11  14:18  Protoss Air Weapons Level 3, Protoss Shields Level 3, Terran Infantry Weapons Level 3, Terran Vehicle Armor Level 3, Terran Infantry Armor Level 3, Zerg Ground Armor Level 3, Protoss Ground Armor Level 3, Protoss Ground Weapons Level 3, Terran Ship Weapons Level 3, Zerg Missile Weapons Level 3, Protoss Air Armor Level 3, Terran Vehicle Weapons Level 3, Zerg Flyer Armor Level 3, Terran Ship Armor Level 3, Zerg Flyer Weapons Level 3, Zerg Melee Weapons Level 3  
  11  14:39  Terran Infantry Armor Level 2, Terran Vehicle Weapons Level 2, Protoss Air Weapons Level 2, Zerg Ground Armor Level 2, Protoss Ground Armor Level 2, Zerg Flyer Weapons Level 2, Zerg Missile Weapons Level 2, Zerg Flyer Armor Level 2, Protoss Shields Level 2, Protoss Air Armor Level 2, Terran Infantry Weapons Level 2, Zerg Melee Weapons Level 2, Terran Ship Armor Level 2, Protoss Ground Weapons Level 2, Terran Ship Weapons Level 2, Terran Vehicle Armor Level 2  
  11  14:54  Blink, Stimpack  
  11  15:01  Zerg Flyer Weapons Level 1, Zerg Melee Weapons Level 1, Terran Vehicle Weapons Level 1, Terran Infantry Weapons Level 1, Protoss Shields Level 1, Terran Ship Weapons Level 1, Protoss Ground Armor Level 1, Zerg Missile Weapons Level 1, Protoss Air Armor Level 1, Zerg Flyer Armor Level 1, Zerg Ground Armor Level 1, Protoss Air Weapons Level 1, Terran Vehicle Armor Level 1, Terran Infantry Armor Level 1, Terran Ship Armor Level 1, Protoss Ground Weapons Level 1  
  11  15:02  Marine  
  11  15:04  Refinery  
  12  15:15  Resonating Glaives, Warp Gate, Charge, Weapon Refit, Neosteel Armor, Extended Thermal Lance  
  12  15:20  Marine, SCV  
  11  15:22  Adrenal Glands, Ventral Sacs  
  11  15:23  SCV  
  11  15:28  Enduring Locusts  
  11  15:29  Personal Cloaking  
  11  15:36  Corvid Reactor, Combat Shield, Psionic Storm, Neosteel Frame, Infernal Pre-Igniter, Centrifical Hooks, Glial Reconstitution, Cloaking Field, Metabolic Boost, Tunneling Claws, Chitinous Plating, Durable Materials, Neural Parasite  
  11  15:37  Marine  
  11  15:39  SCV  
  12  15:44  Muscular Augments x2, Burrow  
  12  15:49  SCV  
  12  15:58  Pathogen Glands, Gravitic Boosters, Moebius Reactor, Hi-Sec Auto Tracking, Graviton Catapult, Caduceus Reactor, Gravitic Drive, Behemoth Reactor  
  12  15:59  SCV  
  12  16:08  Barracks Tech Lab  
  12  16:12  Pneumatized Carapace, Concussive Shells  
  10  16:33  SCV  
  10  16:55  Unknown x5  
    17:09  SCV x12  
    17:21  Unknown  
  12  17:24  SCV  
  13  17:36  SCV  
  14  17:41  Supply Depot  
  14  17:48  SCV  
  15  18:03  SCV  
  16  18:35  Command Center  
  16  19:12  Command Center  
  16  19:47  Refinery  
  16  19:48  Barracks  
  16  19:50  Supply Depot  
  16  19:58  Refinery  
  16  20:36  Marine  
  17  20:54  Marine  
  18  20:59  SCV  
  19  21:04  SCV  
  19  21:07  SCV  
  21  21:12  Marine, SCV  
  20  21:29  SCV  
  20  21:30  Marine  
  21  21:33  SCV  
  21  21:37  SCV  
  23  21:41  SCV  
  23  21:45  SCV  
  25  21:48  Marine  
  25  21:49  SCV  
  25  21:54  SCV  
  28  21:58  SCV  
  29  22:04  Barracks  
  29  22:05  Marine  
  30  22:23  Marine  
  31  22:33  SCV  
  31  22:41  Marine  
  32  22:51  Marine  
  33  22:59  Marine  
  34  23:08  Marine  
  35  23:17  Marine  
  36  23:26  Marine  
  37  23:34  Marine  
  38  23:44  Marine  
  39  24:24  Engineering Bay